 Dungeon Crawl Stone Soup version 0.17.1-3-g152610e (webtiles) character file.

928 Gargoyl the Skirmisher (level 7, -2/56 HPs)
             Began as a Demonspawn Abyssal Knight on Feb 29, 2016.
             Was a Priest of Lugonu.
             Slain by a gnoll (6 damage)
             ... on level 5 of the Dungeon.
             The game lasted 00:15:04 (6675 turns).

Gargoyl the Skirmisher (Demonspawn Abyssal Knight)  Turns: 6675, Time: 00:15:05

Health: -2/56      AC: 11    Str: 14    XL:     7   Next: 85%
Magic:  9/9        EV:  7    Int: 14    God:    Lugonu [***...]
Gold:   177        SH:  0    Dex: 12    Spells: 0 memorised, 6 levels left

rFire  . . .     SeeInvis .     a - +1 hand axe
rCold  . . .     Clarity  .     d - +0 chain mail
rNeg   . . .     SustAt   .     (no shield)
rPois  .         Gourm    .     r - +0 helmet
rElec  .         Spirit   .     (no cloak)
rCorr  .         Warding  .     (no gloves)
rMut   .         Stasis   .     (no boots)
MR     .....                    (no amulet)
Stlth  ..........               (no ring)
                                (no ring)

@: not resistant to hostile enchantments, extremely unstealthy
A: talons 1
a: Depart the Abyss, Bend Space, Banish, Renounce Religion


You were on level 5 of the Dungeon.
You worshipped Lugonu.
Lugonu was most pleased with you.
You were not hungry.

You visited 1 branch of the dungeon, and saw 5 of its levels.
You visited the Abyss 1 time.

You collected 177 gold pieces.

Inventory:

Hand Weapons
 a - a +1 hand axe (weapon)
 n - a +0 flail
Armour
 d - a +0 chain mail (worn)
 r - a +0 helmet (worn)
Wands
 c - a wand of random effects (30)
Scrolls
 b - a scroll of enchant armour {unknown}
 e - a scroll of blinking {unknown}
 g - 2 scrolls of recharging {unknown}
 h - 3 scrolls of teleportation {unknown}
 i - 7 scrolls of remove curse {unknown}
 k - 5 scrolls of identify {unknown}
 l - a scroll of fear {unknown}
 q - a scroll of enchant weapon {unknown}
 s - a scroll of random uselessness {unknown}
Comestibles
 j - a slice of pizza
 m - 2 meat rations
 o - 4 chunks of flesh
 u - a bread ration


   Skills:
 + Level 5.4 Fighting
 + Level 3.9 Axes
 + Level 5.2 Armour
 + Level 3.0 Dodging
 + Level 0.4 Stealth
 + Level 3.0 Invocations
 + Level 0.2 Evocations


You had 6 spell levels left.
You didn't know any spells.

Dungeon Overview and Level Annotations

Branches:
Dungeon (5/15)
 Temple: D:4-7

Altars:
Ashenzari
Nemelex Xobeh
Trog


Innate Abilities, Weirdness & Mutations

You have sharp toenails.


Message History

A crimson imp comes into view.
The gnoll hits you but does no damage.
There is a stone staircase leading up, spattered with blood here.
You hit the gnoll. You claw the gnoll, but do no damage.
The gnoll is moderately wounded.
The gnoll hits you but does no damage. The gnoll barely misses you.
Your chain mail prevents you from hitting the gnoll.
The gnoll is moderately wounded.
The gnoll barely misses you.
You hit the gnoll.
The gnoll is heavily wounded.
The gnoll hits you.
* * * LOW HITPOINT WARNING * * *
You hit the gnoll. You claw the gnoll, but do no damage.
The gnoll is heavily wounded.
You miss the crimson imp.
The crimson imp shouts, "Scamper away, thou foppish spur-galled bandersnitch!"
The crimson imp hits you but does no damage.
The gnoll hits you.
You die...

### #.#§##.#
.... #...^..#
#...###...>.##
.....#?......##
..............#
..............+
....#.........#
....##..5†...##
### ##.@...##
##g..## ##+##


You could see a gnoll and a crimson imp.

Vanquished Creatures
  Grinder (D:3)
  Sigmund (D:3)
  A phantom (D:4)
  An ogre (D:4)
  2 hounds (D:4)
  An orc priest (D:3)
  An orc wizard (D:4)
  Ijyb (D:3)
  A centaur skeleton (D:4)
  A worker ant (D:4)
  Robin (D:3)
  5 adders
  3 gnolls (D:4)
  7 worms
  5 giant geckos
  10 orcs
  9 bats
  15 goblins
  14 hobgoblins
  2 jackals (D:4)
  A quokka (D:5)
  A ball python (D:2)
  6 giant cockroaches
  3 giant newts
  8 kobolds
  A quokka skeleton (D:4)
  9 rats
111 creatures vanquished.

Notes
Turn   | Place    | Note
--------------------------------------------------------------
     0 | Abyss:1  | Gargoyl the Demonspawn Abyssal Knight began the quest for the Orb.
     0 | Abyss:1  | Reached XP level 1. HP: 18/18 MP: 2/2
    35 | Abyss:1  | Noticed a chaos spawn
    41 | Abyss:1  | Noticed an Executioner
    47 | D:1      | Escaped the Abyss
   353 | D:1      | Reached * piety under Lugonu
   436 | D:1      | Gained mutation: You have sharp toenails. [demonic ancestry]
   436 | D:1      | Reached XP level 2. HP: 20/24 MP: 4/4
  1171 | D:1      | Reached skill level 1 in Dodging
  1257 | D:1      | Reached XP level 3. HP: 26/29 MP: 5/5
  1656 | D:2      | Reached ** piety under Lugonu
  1976 | D:2      | Reached XP level 4. HP: 29/37 MP: 6/6
  2599 | D:3      | Found a bloodstained altar of Trog.
  2689 | D:3      | Noticed Sigmund
  2712 | D:3      | Killed Sigmund
  2712 | D:3      | Reached skill level 4 in Fighting
  2712 | D:3      | Reached XP level 5. HP: 2/42 MP: 7/7
  3001 | D:3      | You fall through a shaft!
  3172 | D:4      | Reached XP level 6. HP: 6/48 MP: 8/8
  3439 | D:4      | Found a sparkling altar of Nemelex Xobeh.
  3459 | D:3      | Noticed Robin
  3470 | D:3      | Killed Robin
  3574 | D:3      | Noticed Ijyb
  3590 | D:3      | Killed Ijyb
  3731 | D:3      | Reached *** piety under Lugonu
  3844 | D:3      | Noticed Grinder
  3850 | D:3      | Paralysed by Grinder for 4 turns
  3861 | D:3      | Paralysed by Grinder for 3 turns
  3915 | D:3      | Paralysed by Grinder for 3 turns
  3921 | D:3      | Killed Grinder
  3921 | D:3      | Reached XP level 7. HP: 33/55 MP: 9/9
  4116 | D:3      | Found a shattered altar of Ashenzari.
  4257 | D:3      | HP: 1/55 [worm (2)]
  5605 | D:4      | Noticed a phantom
  5678 | D:4      | Killed a phantom
  5678 | D:4      | Reached skill level 5 in Fighting
  5854 | D:4      | Noticed an ogre
  5861 | D:4      | Killed an ogre
  5861 | D:4      | Reached skill level 5 in Armour
  6485 | D:5      | Entered Level 5 of the Dungeon
  6675 | D:5      | Slain by a gnoll

Action                   |  1- 3 |  4- 6 |  7- 9 || total
-------------------------+-------+-------+-------++-------
Melee: Hand axe          |   152 |   195 |   349 ||   696
Invok: Depart the Abyss  |     1 |       |       ||     1
Evoke: Wand              |       |     2 |     2 ||     4
  Use: Potion            |     1 |     6 |     1 ||     8
  Eat: Bread ration      |     1 |       |       ||     1
       Chunk             |       |     5 |     8 ||    13
       Fruit             |       |       |     3 ||     3
